[Event "ICC tourney 2161 (75 10)"]
[Site "Internet Chess Club"]
[Date "2020.11.28"]
[Round "5"]
[White "Liopleuradon15"]
[Black "Eagle2020"]
[Result "0-1"]
[ICCResult "White checkmated"]
[WhiteElo "1474"]
[BlackElo "1505"]
[Opening "QGD Slav: 4.Nc3"]
[ECO "D15"]
[NIC "SL.03"]
[Time "14:48:10"]
[PlyCount "78"]
[TimeControl "4500+10"]


1. Nf3 d5 2. d4 Nf6 3. c4 c6 4. Nc3 Bf5 5. e3 e6 6. Be2 Be7 7. O-O Nbd7 8.
c5 Nf8 9. b4 h6 10. Bd2 N8h7 11. b5 Bg4 12. a4 Ng5 13. Ne5 Bxe2 14. Qxe2
Qc7 15. a5 Nge4 16. b6 Qb8 17. Na2 Bxc5 18. Nxc6 bxc6 19. dxc5 Nxc5 20.
bxa7 Qxa7 21. Nb4 Qd7 22. a6 Nb3 23. Ra2 Ne4 24. Be1 Nc1 25. Qb2 Nxa2 26.
Qxg7 Ke7 27. f3 Nf6 28. Nxc6+ Qxc6 29. Bh4 Qc3 30. Qg3 Qxe3+ 31. Kh1 Rac8
32. Qg7 Qe5 33. f4 Qd4 34. Qg3 Rc3 35. Qg7 Rhc8 36. h3 Rc1 37. Rxc1 Rxc1+
38. Kh2 Qg1+ 39. Kg3 Rc3# { White checkmated } 0-1

[Event "ICC tourney 2161 (75 10)"]
[Site "Internet Chess Club"]
[Date "2020.11.28"]
[Round "5"]
[White "atjn494"]
[Black "TheOrcaPro"]
[Result "0-1"]
[ICCResult "White checkmated"]
[WhiteElo "1568"]
[BlackElo "1735"]
[Opening "Trompowsky attack (Ruth, Opocenský opening)"]
[ECO "A45"]
[NIC "QP.07"]
[Time "14:47:45"]
[PlyCount "132"]
[TimeControl "4500+10"]


1. d4 Nf6 2. Bg5 g6 3. Bxf6 exf6 4. e3 Bg7 5. c4 d6 6. Nf3 b6 7. g3 Bb7 8.
Bg2 O-O 9. O-O c5 10. d5 Nd7 11. Nc3 Ne5 12. b3 Bc8 13. Nxe5 fxe5 14. Qc2
Qe7 15. Rae1 Bd7 16. f4 Rae8 17. Re2 f5 18. Rfe1 Qf6 19. Nd1 Re7 20. Nf2
Rfe8 21. Qd2 Kf8 22. e4 exf4 23. Qxf4 Qe5 24. Nd3 Qxf4 25. Nxf4 Bc3 26. Rf1
Kg7 27. Bh3 Rxe4 28. Rxe4 Rxe4 29. Bg2 Re1 30. Rxe1 Bxe1 31. Ne6+ Kf7 32.
Nd8+ Ke8 33. Nc6 a5 34. a4 f4 35. Kf1 Bd2 36. Ke2 Be3 37. Kf3 g5 38. Nb8
Bf5 39. Ke2 Bc2 40. Bh3 Bxb3 41. Nd7 Bxc4+ 42. Kd1 Bb3+ 43. Ke2 c4 44. Nf6+
Ke7 45. Ne4 h6 46. Nc3 Kf6 47. gxf4 Bxf4 48. Kf3 h5 49. Bf1 Bxh2 50. Ne4+
Kf5 51. Ke3 Bg1+ 52. Kd2 Kxe4 53. Bg2+ Kd4 54. Kc1 g4 55. Bh1 h4 56. Bg2 h3
57. Bf1 c3 58. Kb1 Bxd5 59. Kc2 h2 60. Bg2 Bxg2 61. Kb3 h1=Q 62. Ka2 Bd5+
63. Ka3 Ba8 64. Kb3 Bh2 65. Ka2 Qg2+ 66. Kb1 Qb2# { White checkmated } 0-1

[Event "ICC tourney 2161 (75 10)"]
[Site "Internet Chess Club"]
[Date "2020.11.28"]
[Round "5"]
[White "jason54312"]
[Black "sidb123"]
[Result "1-0"]
[ICCResult "Black resigns"]
[WhiteElo "1551"]
[BlackElo "1389"]
[Opening "Two knights defense (Modern bishop's opening)"]
[ECO "C55"]
[NIC "IG.01"]
[Time "14:47:46"]
[PlyCount "103"]
[TimeControl "4500+10"]


1. e4 e5 2. Nf3 Nc6 3. Bc4 Nf6 4. d3 h6 5. O-O Bc5 6. c3 O-O 7. Be3 Bxe3 8.
fxe3 d5 9. exd5 Nxd5 10. Re1 Re8 11. e4 Nf6 12. Nbd2 a6 13. Nf1 Bg4 14. h3
Be6 15. Bxe6 fxe6 16. Ne3 Qd6 17. Nc2 Rad8 18. d4 Qd7 19. dxe5 Qxd1 20.
Raxd1 Rxd1 21. Rxd1 Nxe4 22. Ncd4 Rd8 23. Re1 Nxd4 24. Nxd4 Ng5 25. h4 c5
26. Nb3 c4 27. Nd4 Nf7 28. Nxe6 Re8 29. Nc5 Rxe5 30. Rxe5 Nxe5 31. Kf2 b5
32. Ke3 Kf7 33. Nxa6 Nd3 34. Nc7 Nxb2 35. Nxb5 Ke6 36. Kd4 Kd7 37. Na3 Kc6
38. Nxc4 Na4 39. Ne3 g6 40. Ng4 h5 41. Ne5+ Kd6 42. Nxg6 Nc5 43. Nf4 Nd7
44. Nxh5 Ne5 45. Nf4 Ng4 46. a4 Kc6 47. c4 Kb6 48. Nd5+ Kc6 49. a5 Kb7 50.
c5 Ka6 51. c6 Kxa5 52. c7 { Black resigns } 1-0

[Event "ICC tourney 2161 (75 10)"]
[Site "Internet Chess Club"]
[Date "2020.11.28"]
[Round "5"]
[White "ajedrez7"]
[Black "ZYCON"]
[Result "1-0"]
[ICCResult "Black resigns"]
[WhiteElo "1633"]
[BlackElo "1400"]
[Opening "Sicilian: closed"]
[ECO "B23"]
[NIC "SI.44"]
[Time "14:47:49"]
[PlyCount "85"]
[TimeControl "4500+10"]


1. e4 c5 2. Nc3 d6 3. g3 Nf6 4. Bg2 g6 5. Nge2 Bg7 6. d3 O-O 7. O-O Nc6 8.
h3 Bd7 9. Be3 h5 10. Qd2 Kh7 11. f4 Ng8 12. f5 Qa5 13. Qc1 Ne5 14. Nd5 Rad8
15. Bg5 Rde8 16. Nxe7 Nxe7 17. f6 Ng8 18. fxg7 Kxg7 19. Nc3 Be6 20. Bf4 Bd7
21. Qd2 Qb6 22. Rab1 Bc6 23. Kh2 Re6 24. Bf3 Nxf3+ 25. Rxf3 Rd8 26. Rff1
Rd7 27. g4 hxg4 28. hxg4 Rd8 29. Kg3 f6 30. Rh1 g5 31. Be3 Nh6 32. Rh5 Nf7
33. b3 Rh8 34. Rxh8 Nxh8 35. Qh2 Qc7 36. Kf2 Kg8 37. Bxc5 Qa5 38. Bd4 Nf7
39. Kg3 Qc7 40. Nd5 Bxd5 41. exd5 Re8 42. Rh1 Qd8 43. Rf1 { Black resigns }
1-0

[Event "ICC tourney 2161 (75 10)"]
[Site "Internet Chess Club"]
[Date "2020.11.28"]
[Round "5"]
[White "Vinny773175"]
[Black "atharvamchess"]
[Result "1/2-1/2"]
[ICCResult "Game drawn by mutual agreement"]
[WhiteElo "1782"]
[BlackElo "1502"]
[Opening "Ruy Lopez"]
[ECO "C70"]
[NIC "RL.09"]
[Time "14:48:08"]
[PlyCount "114"]
[TimeControl "4500+10"]


1. e4 e5 2. Nf3 Nc6 3. Bb5 a6 4. Ba4 Bd6 5. O-O Nf6 6. Re1 b5 7. Bb3 O-O 8.
c3 h6 9. d4 Re8 10. Nbd2 Bb7 11. d5 Nb8 12. c4 Bc5 13. h3 d6 14. Bc2 Nbd7
15. Bd3 b4 16. Nb3 Bb6 17. Bd2 a5 18. a4 Nc5 19. Nxc5 Bxc5 20. b3 Nd7 21.
Be3 Bxe3 22. Rxe3 Nc5 23. Bc2 Qe7 24. Nh2 Bc8 25. Qd2 Rf8 26. Rg3 Kh8 27.
Rb1 f5 28. exf5 Bxf5 29. Bxf5 Rxf5 30. Rf3 Rxf3 31. Nxf3 Rf8 32. Rb2 Qf6
33. Nh2 Qf4 34. Qxf4 Rxf4 35. Kf1 h5 36. Nf3 Rf6 37. Ne1 g5 38. Ke2 Kg7 39.
f3 e4 40. fxe4 Nxe4 41. Ke3 Nc5 42. Nf3 Kg6 43. Nd4 Rf7 44. Nc6 Nb7 45. g3
Rf8 46. Rf2 Rxf2 47. Kxf2 Kf5 48. Kf3 h4 49. g4+ Kf6 50. Ke3 Kg6 51. Kd4
Kf6 52. Kd3 Kg6 53. Nd4 Nc5+ 54. Ke3 Kf6 55. Ke2 Kg6 56. Kd2 Ne4+ 57. Ke3
Nc5 { Game drawn by mutual agreement } 1/2-1/2

[Event "ICC tourney 2161 (75 10)"]
[Site "Internet Chess Club"]
[Date "2020.11.28"]
[Round "5"]
[White "stephenwilly"]
[Black "virajphadke"]
[Result "0-1"]
[ICCResult "White checkmated"]
[WhiteElo "1445"]
[BlackElo "1589"]
[Opening "Two knights defense (Modern bishop's opening)"]
[ECO "C55"]
[NIC "IG.01"]
[Time "14:48:03"]
[PlyCount "112"]
[TimeControl "4500+10"]


1. e4 e5 2. Nf3 Nc6 3. Bc4 Nf6 4. d3 Be7 5. Nc3 O-O 6. a3 d6 7. O-O h6 8.
Be3 Na5 9. Ba2 c5 10. h3 Nc6 11. Qd2 Nh7 12. Rad1 Nd4 13. Bxd4 cxd4 14. Nd5
Kh8 15. Nxe7 Qxe7 16. c3 dxc3 17. bxc3 Be6 18. d4 exd4 19. cxd4 Bxa2 20.
Qxa2 Qxe4 21. Rfe1 Qg6 22. Nh4 Qh5 23. Nf3 Rfe8 24. Kh2 Nf6 25. Kg1 Qd5 26.
Qb1 Ne4 27. Rc1 Re7 28. Qd3 Rae8 29. Nd2 f5 30. g4 Nc5 31. Rxe7 Nxd3 32.
Rxe8+ Kh7 33. Rcc8 Qxd4 34. Rh8+ Kg6 35. gxf5+ Kxf5 36. Rcf8+ Kg6 37. Nf1
Nf4 38. Ne3 Nxh3+ 39. Kg2 Nf4+ 40. Kg3 Nh5+ 41. Kf3 Nf6 42. Kg3 b5 43. Ng2
Qg4+ 44. Kh2 a5 45. f4 Ne4 46. f5+ Kh5 47. Kh1 Ng3+ 48. Kg1 Qf3 49. Kh2 b4
50. Re8 bxa3 51. Re3 Nf1+ 52. Kg1 Nxe3 53. Ne1 Qg3+ 54. Kh1 Qxe1+ 55. Kh2
Qf2+ 56. Kh3 Qg2# { White checkmated } 0-1

[Event "ICC tourney 2161 (75 10)"]
[Site "Internet Chess Club"]
[Date "2020.11.28"]
[Round "5"]
[White "Deveshc"]
[Black "Aram99"]
[Result "0-1"]
[ICCResult "White checkmated"]
[WhiteElo "1480"]
[BlackElo "1700"]
[Opening "Sicilian: Smith-Morra gambit"]
[ECO "B21"]
[NIC "SI.48"]
[Time "14:47:47"]
[PlyCount "112"]
[TimeControl "4500+10"]


1. e4 c5 2. d4 cxd4 3. c3 dxc3 4. Nxc3 Nc6 5. Nf3 d6 6. Bc4 a6 7. O-O e6 8.
Qe2 Nf6 9. Rd1 Bd7 10. Bf4 Qc7 11. Rac1 Be7 12. Bb3 O-O 13. Nd5 exd5 14.
exd5 Bg4 15. dxc6 bxc6 16. Ba4 c5 17. b4 Qb7 18. bxc5 dxc5 19. Rb1 Bxf3 20.
gxf3 Qa7 21. Bc6 a5 22. Bxa8 Rxa8 23. Qb2 h6 24. Qb7 Bf8 25. Qxa7 Rxa7 26.
Rb8 g5 27. Bd6 Nd7 28. Bxf8 Nxb8 29. Bxc5 Rd7 30. Rxd7 Nxd7 31. Bd4 a4 32.
a3 Kh7 33. Kf1 Kg6 34. Ke2 Kf5 35. Bc3 Ne5 36. Bb2 Nc4 37. Bc1 h5 38. Kd3
Ne5+ 39. Ke3 g4 40. fxg4+ Kxg4 41. Kd4 Ng6 42. Kc4 Kh3 43. Kb4 Kxh2 44.
Kxa4 Kg1 45. Be3 Kg2 46. Kb5 h4 47. Bc5 f5 48. a4 h3 49. a5 h2 50. a6 h1=Q
51. a7 Qa1 52. Kc6 Qa6+ 53. Kc7 Ne5 54. Kb8 Nd7+ 55. Kc7 Nxc5 56. Kb8 Qb7#
{ White checkmated } 0-1

[Event "ICC tourney 2161 (75 10)"]
[Site "Internet Chess Club"]
[Date "2020.11.28"]
[Round "5"]
[White "UltimateDL"]
[Black "SamLightning"]
[Result "1-0"]
[ICCResult "Black checkmated"]
[WhiteElo "1480"]
[BlackElo "1649"]
[Opening "Sicilian: Hungarian variation"]
[ECO "B27"]
[NIC "SI.43"]
[Time "14:47:57"]
[PlyCount "95"]
[TimeControl "4500+10"]


1. e4 c5 2. Nf3 g6 3. d4 cxd4 4. Qxd4 Nf6 5. Nc3 Nc6 6. Qa4 d6 7. e5 dxe5
8. Nxe5 Bd7 9. Nxd7 Qxd7 10. Be3 Bg7 11. Rd1 Qc7 12. Bb5 O-O 13. O-O Rfc8
14. Bf4 e5 15. Bg3 a6 16. Bxc6 bxc6 17. Rfe1 Nh5 18. Bh4 a5 19. Qc4 Rab8
20. b3 Rb4 21. Qc5 Rxh4 22. Ne4 Bf8 23. Qc4 Be7 24. g3 Rg4 25. h3 Rxe4 26.
Rxe4 Bf6 27. Qc5 Rb8 28. Rc4 Rc8 29. Qd6 Qb6 30. Qc5 Qc7 31. Qd6 Qxd6 32.
Rxd6 c5 33. g4 Be7 34. Rd7 Nf4 35. Rxe7 Nxh3+ 36. Kg2 Nf4+ 37. Kf3 Ne6 38.
Ke4 Rd8 39. Kxe5 Rd2 40. f3 Nd4 41. Kf6 h5 42. Rd7 h4 43. Rxc5 Ne6 44. Rc8+
Nf8 45. Rxd2 h3 46. Rxf8+ Kh7 47. Rh2 g5 48. Rxh3# { Black checkmated } 1-0

[Event "ICC tourney 2161 (75 10)"]
[Site "Internet Chess Club"]
[Date "2020.11.28"]
[Round "5"]
[White "kevin2010"]
[Black "SunnyCountry"]
[Result "0-1"]
[ICCResult "White resigns"]
[WhiteElo "1154"]
[BlackElo "1313"]
[Opening "Queen's pawn game"]
[ECO "D05"]
[NIC "QP.08"]
[Time "14:47:47"]
[PlyCount "78"]
[TimeControl "4500+10"]


1. d4 d5 2. Nf3 Nf6 3. e3 e6 4. Bd3 c5 5. O-O Be7 6. c3 O-O 7. Nbd2 Nc6 8.
Re1 a6 9. e4 dxe4 10. Nxe4 cxd4 11. cxd4 Nxd4 12. Nxd4 Qxd4 13. Nxf6+ Qxf6
14. Qc2 h6 15. Bd2 Bd7 16. Bc3 Qg5 17. Rad1 Bc6 18. Be4 Bxe4 19. Qxe4 b5
20. Qd4 Rad8 21. Qe4 Rxd1 22. Rxd1 Qh5 23. Qd4 Bf6 24. Qd3 Rd8 25. Qxd8+
Bxd8 26. Rxd8+ Kh7 27. h3 Qg5 28. Rd7 f6 29. Re7 Qd5 30. Bxf6 Qd1+ 31. Kh2
Qd6+ 32. g3 Kg6 33. Bh4 Qe5 34. Ra7 Qc5 35. Rxa6 Qxf2+ 36. Kh1 Qf5 37. Kg1
b4 38. Rb6 Qc5+ 39. Kg2 Qxb6 { White resigns } 0-1

[Event "ICC tourney 2161 (75 10)"]
[Site "Internet Chess Club"]
[Date "2020.11.28"]
[Round "5"]
[White "JavierDix"]
[Black "mancogu"]
[Result "1-0"]
[ICCResult "Black resigns"]
[WhiteElo "1421"]
[BlackElo "1602"]
[Opening "Queen's bishop game"]
[ECO "D02"]
[NIC "QP.08"]
[Time "14:48:18"]
[PlyCount "79"]
[TimeControl "4500+10"]


1. d4 d5 2. Nf3 Nf6 3. Bf4 Bf5 4. e3 e6 5. Nbd2 Nbd7 6. Ne5 Nxe5 7. dxe5
Nd7 8. Bd3 Bxd3 9. cxd3 f6 10. exf6 Nxf6 11. Bg5 Be7 12. O-O O-O 13. Nf3
Nd7 14. Bxe7 Qxe7 15. Rc1 c6 16. d4 Rae8 17. Ne5 Nxe5 18. dxe5 c5 19. Rc2
Rf5 20. f4 Ref8 21. Qc1 b6 22. Rcf2 Qh4 23. Rf3 Qe7 24. Rh3 Qd7 25. Qc2 g6
26. Qd2 Qa4 27. a3 R5f7 28. Rg3 b5 29. h4 b4 30. axb4 Qxb4 31. Qe2 Rg7 32.
h5 Rb8 33. hxg6 Rxg6 34. Rxg6+ hxg6 35. Qg4 Kh7 36. Qxe6 Qd2 37. Qf7+ Kh8
38. Rf3 Qe1+ 39. Kh2 Qh4+ 40. Rh3 { Black resigns } 1-0

[Event "ICC tourney 2161 (75 10)"]
[Site "Internet Chess Club"]
[Date "2020.11.28"]
[Round "5"]
[White "jHanna"]
[Black "MathMonkey"]
[Result "0-1"]
[ICCResult "White checkmated"]
[WhiteElo "1790"]
[BlackElo "1147"]
[Opening "Grünfeld: exchange, Spassky variation"]
[ECO "D87"]
[NIC "GI.05"]
[Time "14:47:59"]
[PlyCount "124"]
[TimeControl "4500+10"]


1. d4 Nf6 2. c4 g6 3. Nc3 d5 4. cxd5 Nxd5 5. e4 Nxc3 6. bxc3 Bg7 7. Bc4 c5
8. Ne2 O-O 9. O-O Nc6 10. Be3 Qc7 11. Rc1 Rd8 12. Qc2 a6 13. a4 Qa5 14.
Rfd1 Bg4 15. f3 Bc8 16. Qb3 e6 17. Bg5 Rd7 18. Be3 Rb8 19. Rb1 Re7 20. e5
b6 21. Bd2 Reb7 22. Qc2 b5 23. axb5 axb5 24. Bd3 b4 25. cxb4 Nxb4 26. Qc4
Rd7 27. Be4 Ba6 28. Qxc5 Qxc5 29. dxc5 Bxe2 30. c6 Rd4 31. c7 Rc8 32. Bxb4
Rxd1+ 33. Rxd1 Bxd1 34. Bd6 Ba4 35. Bb7 Bd7 36. Bxc8 Bxc8 37. Kf2 Bf8 38.
Ke3 f6 39. f4 Kf7 40. Kd4 Bxd6 41. exd6 Ke8 42. Kc5 Kd7 43. h3 g5 44. fxg5
fxg5 45. g3 h5 46. h4 g4 47. Kd4 Kxd6 48. Ke4 e5 49. Ke3 Kxc7 50. Kd3 Kd6
51. Ke4 Ke6 52. Ke3 Bb7 53. Kd3 Kd5 54. Ke3 e4 55. Kf4 Kd4 56. Kg5 e3 57.
Kxh5 e2 58. Kxg4 e1=Q 59. Kh5 Qxg3 60. Kh6 Ke5 61. h5 Kf6 62. Kh7 Qg7# {
White checkmated } 0-1

[Event "ICC tourney 2161 (75 10)"]
[Site "Internet Chess Club"]
[Date "2020.11.28"]
[Round "5"]
[White "Jeffchess"]
[Black "cdj12417489"]
[Result "1-0"]
[ICCResult "Black forfeits on time"]
[WhiteElo "1236"]
[BlackElo "1259"]
[Opening "Scandinavian defense"]
[ECO "B01"]
[NIC "SD.03"]
[Time "14:47:48"]
[PlyCount "129"]
[TimeControl "4500+10"]


1. e4 d5 2. exd5 Nf6 3. Bb5+ c6 4. dxc6 bxc6 5. Qf3 Bb7 6. d3 Qd7 7. Bc4 c5
8. Qg3 Nc6 9. c3 Na5 10. Na3 Nxc4 11. Nxc4 Rd8 12. Ne5 Qd5 13. Ngf3 g6 14.
Be3 Bg7 15. c4 Nh5 16. cxd5 Nxg3 17. hxg3 Rxd5 18. Nc4 Rxd3 19. Ke2 Rd5 20.
Rad1 Rxd1 21. Rxd1 Ba6 22. b3 f5 23. Bxc5 Bf6 24. Bd4 Kf7 25. Bxf6 Kxf6 26.
Ke3 Rc8 27. Nfe5 Bxc4 28. Nxc4 Ke6 29. Kf4 a5 30. Re1+ Kf6 31. Rh1 h5 32.
Nxa5 Rc2 33. a4 Rxf2+ 34. Ke3 Rxg2 35. Kf3 Rb2 36. Rc1 e6 37. Ke3 Kg5 38.
Rc6 e5 39. Rb6 Rb1 40. Nc4 Re1+ 41. Kf2 Re4 42. Rb4 f4 43. gxf4+ Rxf4+ 44.
Kg2 e4 45. Ne3 Rh4 46. Kg3 Rh1 47. Rb5+ Kh6 48. Kg2 Re1 49. Kf2 Rc1 50. a5
h4 51. a6 Ra1 52. Rb6 Ra2+ 53. Kg1 Kg5 54. Rb5+ Kf4 55. Ng2+ Kf3 56. Nxh4+
Kg3 57. Rg5+ Kxh4 58. Rxg6 e3 59. Re6 Kg4 60. Rxe3 Rxa6 61. Rc3 Rb6 62. Kf2
Kf4 63. Ke2 Ke5 64. Kd3 Kd5 65. Kc2 { Black forfeits on time } 1-0

[Event "ICC tourney 2161 (75 10)"]
[Site "Internet Chess Club"]
[Date "2020.11.28"]
[Round "5"]
[White "KyleZhuang"]
[Black "michaelpang"]
[Result "0-1"]
[ICCResult "White checkmated"]
[WhiteElo "1629"]
[BlackElo "1574"]
[Opening "Sicilian: Scheveningen (Paulsen), classical variation"]
[ECO "B84"]
[NIC "SI.23"]
[Time "14:48:18"]
[PlyCount "86"]
[TimeControl "4500+10"]


1. e4 c5 2. Nf3 d6 3. d4 cxd4 4. Nxd4 Nf6 5. Nc3 a6 6. Be2 e6 7. Be3 Be7 8.
O-O O-O 9. a4 b6 10. Bf3 Ra7 11. a5 Rb7 12. Nb3 b5 13. e5 Ne8 14. Bxb7 Bxb7
15. exd6 Nxd6 16. Qe2 Nc4 17. Rad1 Qc7 18. Bd4 e5 19. Be3 Nxb2 20. Nd5 Bxd5
21. Rxd5 Nc6 22. Bb6 Qb7 23. Nc5 Bxc5 24. Bxc5 Re8 25. Rb1 Na4 26. Qd2 Nd4
27. c4 Nc3 28. Re1 Nxd5 29. Qxd4 Nf6 30. Rxe5 Rxe5 31. Qxe5 bxc4 32. h3 h6
33. Be3 Qb1+ 34. Kh2 Qe4 35. Qg3 Nh5 36. Qd6 Qe6 37. Qb8+ Kh7 38. Qb1+ g6
39. Qb4 Qe5+ 40. Kg1 Qe6 41. h4 Nf6 42. Qf8 Ng4 43. Bd4 Qe1# { White
checkmated } 0-1

[Event "ICC tourney 2161 (75 10)"]
[Site "Internet Chess Club"]
[Date "2020.11.28"]
[Round "5"]
[White "donquiscot"]
[Black "joeandjoe56"]
[Result "0-1"]
[ICCResult "White resigns"]
[WhiteElo "1585"]
[BlackElo "1736"]
[Opening "Giuoco Piano"]
[ECO "C50"]
[NIC "IG.02"]
[Time "14:48:00"]
[PlyCount "108"]
[TimeControl "4500+10"]


1. e4 e5 2. Nf3 Nc6 3. Bc4 Bc5 4. O-O Nf6 5. b4 Bxb4 6. c3 Be7 7. d4 exd4
8. e5 Ne4 9. cxd4 O-O 10. d5 Na5 11. Bd3 Ng5 12. Nxg5 Bxg5 13. Qh5 h6 14.
Nd2 g6 15. Bxg6 fxg6 16. Qxg6+ Kh8 17. f4 Qe8 18. Qxe8 Rxe8 19. fxg5 hxg5
20. Nf3 g4 21. Ng5 Nc4 22. e6 dxe6 23. dxe6 Bxe6 24. Re1 Bd5 25. Bf4 c6 26.
Rad1 Kg7 27. g3 b5 28. h4 Nb2 29. Rxe8 Rxe8 30. Rd2 Nc4 31. Rf2 b4 32. Kf1
Ne3+ 33. Ke2 Nc4+ 34. Kd3 a5 35. Bc1 Re1 36. Rc2 Kg6 37. Bf4 Rd1+ 38. Ke2
Ra1 39. Kd3 Na3 40. Rc5 Nb5 41. Ne4 Rxa2 42. Nd2 Ra3+ 43. Kc2 Nd4+ 44. Kb2
Ra2+ 45. Kb1 Ne2 46. Rxd5 Nc3+ 47. Kc1 cxd5 48. Be5 Kf5 49. Bd6 Ne4 50.
Nxe4 dxe4 51. Bf4 Rh2 52. Bd2 Rxd2 53. Kxd2 a4 54. Kc2 a3 { White resigns }
0-1

[Event "ICC tourney 2161 (75 10)"]
[Site "Internet Chess Club"]
[Date "2020.11.28"]
[Round "5"]
[White "kinpin007"]
[Black "smartgoldfish"]
[Result "1-0"]
[ICCResult "Black checkmated"]
[WhiteElo "1525"]
[BlackElo "1202"]
[Opening "QGD Slav: 4.e3 Bf5"]
[ECO "D12"]
[NIC "SL.01"]
[Time "14:48:23"]
[PlyCount "139"]
[TimeControl "4500+10"]


1. d4 d5 2. c4 c6 3. e3 Nf6 4. Nf3 Bf5 5. Nc3 e6 6. Bd2 Bd6 7. c5 Bc7 8. b4
O-O 9. Be2 b6 10. a4 Nbd7 11. O-O Re8 12. b5 cxb5 13. c6 Nf8 14. axb5 Qd6
15. Ne5 Ng6 16. f4 Qe7 17. g4 Nxe5 18. fxe5 Nxg4 19. Bxg4 Qg5 20. e4 Qxg4+
21. Qxg4 Bxg4 22. exd5 exd5 23. Nxd5 Bd8 24. Bb4 Be6 25. Nf4 Bc8 26. Rfe1
g5 27. Nh5 Bg4 28. Nf6+ Bxf6 29. exf6 Rxe1+ 30. Rxe1 Be6 31. Be7 Rc8 32.
Rd1 Bd5 33. Kf2 h6 34. Rc1 Kh7 35. c7 Kg6 36. Bd8 Be6 37. Ke3 Bd5 38. Ra1
Ra8 39. Rxa7 Rxa7 40. c8=Q Ra3+ 41. Kf2 Ra2+ 42. Ke1 Ra1+ 43. Kd2 Ra2+ 44.
Kc1 Ra1+ 45. Kb2 Ra2+ 46. Kb1 Rxh2 47. Bxb6 Be4+ 48. Kc1 Rc2+ 49. Qxc2 Bxc2
50. Kxc2 Kxf6 51. Bc7 Ke6 52. b6 Kd7 53. Kd2 h5 54. Ke2 h4 55. Kf2 f5 56.
Bh2 Kc6 57. Bc7 g4 58. d5+ Kd7 59. d6 Kc8 60. Bd8 h3 61. d7+ Kb7 62. Bc7 h2
63. Bxh2 f4 64. d8=Q g3+ 65. Bxg3 fxg3+ 66. Kxg3 Ka6 67. Qc7 Kb5 68. b7 Kb4
69. b8=Q+ Ka4 70. Qca7# { Black checkmated } 1-0

[Event "ICC tourney 2161 (75 10)"]
[Site "Internet Chess Club"]
[Date "2020.11.28"]
[Round "5"]
[White "APBrain"]
[Black "Mapking1"]
[Result "0-1"]
[ICCResult "White checkmated"]
[WhiteElo "1594"]
[BlackElo "1799"]
[Opening "Queen's pawn: London system"]
[ECO "A45"]
[NIC "QP.07"]
[Time "14:47:54"]
[PlyCount "138"]
[TimeControl "4500+10"]


1. d4 Nf6 2. Bf4 g6 3. e3 Bg7 4. Nf3 O-O 5. Bd3 d5 6. c3 c5 7. Nbd2 Nc6 8.
Qc2 Re8 9. h3 Nd7 10. O-O e5 11. dxe5 Ndxe5 12. Nxe5 Nxe5 13. e4 Nxd3 14.
Qxd3 d4 15. cxd4 Bxd4 16. Qc2 Qf6 17. Be3 Bxb2 18. Rab1 Bd4 19. Bxd4 cxd4
20. Qd3 b6 21. Rb4 Bb7 22. Re1 Rad8 23. Nf3 Qf4 24. Rxd4 Rxd4 25. Qxd4 Rxe4
26. Rxe4 Qxe4 27. Qd2 Qd5 28. Qe3 h5 29. Qe8+ Kg7 30. Kh2 Qd6+ 31. Ne5 Qd5
32. Nf3 Qxa2 33. Qe5+ f6 34. Qe7+ Qf7 35. Qa3 Bxf3 36. Qxf3 a5 37. Qa3 Qc7+
38. g3 b5 39. Qb3 b4 40. Qa4 h4 41. Qd1 hxg3+ 42. fxg3 Qb7 43. Qb3 a4 44.
Qb2 b3 45. h4 a3 46. Qxa3 b2 47. Qd3 b1=Q 48. Qxb1 Qxb1 49. Kh3 f5 50. g4
Qd3+ 51. Kg2 Qe2+ 52. Kg3 Qxg4+ 53. Kf2 Qxh4+ 54. Kg2 f4 55. Kf3 g5 56. Kg2
g4 57. Kf1 f3 58. Kg1 Qe1+ 59. Kh2 f2 60. Kg3 f1=N+ 61. Kxg4 Qe4+ 62. Kh3
Qf3+ 63. Kh4 Qg3+ 64. Kh5 Kf6 65. Kh6 Nd2 66. Kh5 Nc4 67. Kh6 Nd6 68. Kh5
Ne8 69. Kh6 Qh3# { White checkmated } 0-1

[Event "ICC tourney 2161 (75 10)"]
[Site "Internet Chess Club"]
[Date "2020.11.28"]
[Round "5"]
[White "AwarePiece"]
[Black "rcww2020"]
[Result "0-1"]
[ICCResult "White resigns"]
[WhiteElo "1779"]
[BlackElo "1658"]
[Opening "Sicilian: Taimanov variation"]
[ECO "B48"]
[NIC "SI.40"]
[Time "14:47:49"]
[PlyCount "83"]
[TimeControl "4500+10"]


1. e4 c5 2. Nf3 e6 3. d4 cxd4 4. Nxd4 Nc6 5. Nc3 Qc7 6. Be3 a6 7. f3 Nf6 8.
Nb3 Be7 9. Qd2 b5 10. Bf4 d6 11. Be2 Bb7 12. a3 Rc8 13. O-O O-O 14. Rad1
Rfd8 15. Qe1 Qb6+ 16. Kh1 d5 17. exd5 exd5 18. Bd3 Re8 19. Qd2 Nh5 20. Nxd5
Qd8 21. Nxe7+ Nxe7 22. Be3 Qc7 23. Nc5 Nd5 24. Bf2 Ndf4 25. Nxb7 Qxb7 26.
Be4 Qe7 27. Be3 Rcd8 28. Qf2 Rxd1 29. Rxd1 f5 30. Bxf4 fxe4 31. Bd6 e3 32.
Bxe7 exf2 33. Bb4 Re2 34. g3 Rxc2 35. Kg2 f1=Q+ 36. Kxf1 Rxh2 37. Bc3 Nxg3+
38. Kg1 Rh1+ 39. Kg2 Rxd1 40. Kxg3 Rd3 41. Kf4 h5 42. Kf5 { White resigns }
0-1

[Event "ICC tourney 2161 (75 10)"]
[Site "Internet Chess Club"]
[Date "2020.11.28"]
[Round "5"]
[White "shrey16ultimate"]
[Black "hggonzalezzss"]
[Result "0-1"]
[ICCResult "White checkmated"]
[WhiteElo "1606"]
[BlackElo "1767"]
[Opening "Queen's pawn, Mason variation"]
[ECO "D00"]
[NIC "QP.08"]
[Time "14:48:02"]
[PlyCount "88"]
[TimeControl "4500+10"]


1. d4 d5 2. Bf4 e6 3. e3 Nf6 4. c4 Bb4+ 5. Nc3 c6 6. a3 Ba5 7. b4 Bc7 8.
Bg3 Nbd7 9. Nf3 Bxg3 10. hxg3 dxc4 11. Bxc4 b5 12. Bd3 Qe7 13. Ne5 Bb7 14.
Qc2 a5 15. Na2 Nxe5 16. dxe5 Nd5 17. e4 Nb6 18. O-O O-O 19. Rfc1 Rfd8 20.
bxa5 Nd7 21. Qc3 Qg5 22. Nb4 c5 23. Bxb5 cxb4 24. axb4 Rac8 25. Qa3 Nxe5
26. f4 Nf3+ 27. Qxf3 Qxb5 28. Rcb1 Rd4 29. Qa3 Ba6 30. Qe3 Rcd8 31. Qc3 Rc4
32. Qb3 Rxe4 33. Ra2 h6 34. Qa4 Qd3 35. Qb3 Re1+ 36. Kh2 Qxb1 37. Qxb1 Rxb1
38. b5 Rxb5 39. f5 exf5 40. g4 fxg4 41. g3 Rb1 42. Rc2 Bb7 43. Rg2 Rd2 44.
a6 Rxg2# { White checkmated } 0-1

[Event "ICC tourney 2161 (75 10)"]
[Site "Internet Chess Club"]
[Date "2020.11.28"]
[Round "5"]
[White "tcrgm"]
[Black "Dhruti813kob36"]
[Result "1-0"]
[ICCResult "Black checkmated"]
[WhiteElo "1582"]
[BlackElo "1427"]
[Opening "Giuoco Piano"]
[ECO "C54"]
[NIC "IG.02"]
[Time "14:47:54"]
[PlyCount "145"]
[TimeControl "4500+10"]


1. e4 e5 2. Nf3 Nc6 3. Bc4 Bc5 4. c3 Nf6 5. d4 exd4 6. cxd4 Bb4+ 7. Bd2
Bxd2+ 8. Nbxd2 d5 9. exd5 Nxd5 10. Nb3 O-O 11. O-O Bg4 12. h3 Bh5 13. Rc1
a6 14. Re1 Qd6 15. Bxd5 Qxd5 16. Rc5 Bxf3 17. Rxd5 Bxd1 18. Rxd1 Rad8 19.
Rc5 Rd6 20. d5 Rfd8 21. Re1 Nb4 22. Rxc7 b5 23. Nc5 Rxd5 24. a3 Nd3 25. Rd1
g6 26. Nxd3 Rxd3 27. Rxd3 Rxd3 28. Rc6 Rd1+ 29. Kh2 Rd2 30. Kg3 Rxb2 31.
Rxa6 Ra2 32. f3 b4 33. Rb6 bxa3 34. Ra6 Kg7 35. h4 Kh6 36. Kh3 f5 37. Ra7
g5 38. Ra6+ Kg7 39. hxg5 Ra1 40. Kg3 Ra2 41. Kf4 Rxg2 42. Rxa3 Rb2 43. Ra5
Rf2 44. Rxf5 Ra2 45. Re5 Ra6 46. Kf5 Ra3 47. f4 Ra6 48. Re7+ Kg8 49. Re6
Ra5+ 50. Kf6 Ra8 51. f5 Rf8+ 52. Ke5 Kg7 53. Re7+ Kg8 54. Ke6 Ra8 55. Rd7
Ra6+ 56. Rd6 Ra8 57. Ke7 Ra5 58. Rd8+ Kg7 59. f6+ Kg6 60. Rg8+ Kf5 61. Rd8
Kxg5 62. f7 Re5+ 63. Kd6 Rf5 64. f8=Q Rxf8 65. Rxf8 h5 66. Rh8 h4 67. Ke5
Kg4 68. Ke4 Kg3 69. Rg8+ Kh3 70. Kf3 Kh2 71. Rh8 h3 72. Kf2 Kh1 73. Rxh3# {
Black checkmated } 1-0